 Dungeon Crawl Stone Soup version 0.27-a0-686-gaed091b46b (webtiles) character file.

Game seed: 14718170816837796355

6 EnegeticOcto the Digger (level 2, -3/17 HPs)
             Began as a Halfling Earth Elementalist on Mar 21, 2021.
             Slain by a kobold
             ... wielding a +0 club
              (5 damage)
             ... on level 2 of the Dungeon.
             The game lasted 00:00:37 (86 turns).

EnegeticOcto the Digger (Halfling Earth Elementalist) Turns: 86, Time: 00:00:37

Health: -3/17      AC:  2    Str:  9    XL:     2   Next: 0%
Magic:  0/4        EV: 14    Int: 13    God:
Gold:   10         SH:  0    Dex: 14    Spells: 3/4 levels left

rFire    . . .     SeeInvis .   d - +2 dagger (speed)
rCold    . . .     Faith    .   (shield restricted)
rNeg     . . .     Spirit   .   c - +0 robe
rPois    .         Reflect  .   (no helmet)
rElec    .         Harm     .   (no cloak)
rCorr    .         Rampage  .   (no gloves)
Will     .....                  (no boots)
Stlth    ++........             (no amulet)
HPRegen  0.05/turn              (no ring)
MPRegen  0.09/turn              (no ring)

@: no status effects
A: small, no large weapons, mutation resistance 1
a: no special abilities


You were on level 2 of the Dungeon.
You visited 1 branch of the dungeon, and saw 2 of its levels.

You collected 10 gold pieces.

Inventory:

Hand Weapons
 d - a +2 dagger of speed (weapon)
   (You took it off a goblin on level 1 of the Dungeon)
Missiles
 b - 49 stones
Armour
 c - a +0 robe (worn)
Potions
 a - 2 potions of invisibility {unknown}


   Skills:
 - Level 2.1 Dodging
 - Level 2.1 Stealth
 - Level 1.5 Spellcasting
 - Level 0.5 Transmutations
 + Level 3.4 Earth Magic


You had 3 spell levels left.
You knew the following spells:

 Your Spells              Type           Power      Damage    Failure   Level
a - Sandblast             Erth           18%        2d7       6%          1

Your spell library contained the following spells:

 Spells                   Type           Power      Damage    Failure   Level
 Passwall                 Tmut/Erth      5%         N/A       19%         2
 Stone Arrow              Conj/Erth      10%        3d7       36%         3
 Petrify                  Tmut/Erth      6%         N/A       75%         4
 Lee's Rapid Deconstruct  Erth           4%         3d6*      87%         5


Dungeon Overview and Level Annotations

Branches:
Dungeon (2/15)

Altars:


Innate Abilities, Weirdness & Mutations

You are small and have problems with some larger weapons.
You are somewhat resistant to further mutation.


Message History

Found a stone staircase leading down.
Casting: Sandblast (safe; 8% risk of failure)
Confirm with . or Enter, or press ? or * to list all spells.
Aiming: Sandblast (safe; 8% risk of failure)
Press: ? - help, Shift-Dir - straight line, f - goblin
Aim: a goblin, wielding a +2 dagger of speed (28% to evade)
The blast of sand hits the goblin!
You kill the goblin!
You see here a +2 dagger of speed.
Your hands tingle!
d - a +2 dagger of speed (weapon)
You open the door.
A kobold comes into view. It is wielding a +0 club.
Found 23 stones.
There is an open door here.
The helpless kobold fails to defend itself.
You puncture the kobold!
You kill the kobold!
Things that are here:
a +0 club; a kobold corpse
b - 52 stones (gained 23)
You open the door.
(D) Dungeon
Where to? (? - help)
Things that are here:
a +0 club; a kobold corpse
There is an open door here.
There is a stone staircase leading down here.
You climb downwards.
A rat and a goblin come into view.
The goblin shouts!
Found 10 gold pieces and a battleaxe.
There is a stone staircase leading up here.
A giant cockroach comes into view.
You see here 10 gold pieces.
You now have 10 gold pieces.
A kobold comes into view. It is wielding a +0 club.
The kobold shouts!
You hit the goblin.
You kill the goblin!
You hit the rat.
You kill the rat!
The giant cockroach bites you but does no damage.
A quokka comes into view.
You hit the giant cockroach.
The giant cockroach is almost dead.
The giant cockroach misses you.
You closely miss the giant cockroach.
The giant cockroach is almost dead.
The giant cockroach bites you.
You barely miss the giant cockroach.
The giant cockroach is almost dead.
The kobold throws a stone.
The stone barely misses you. The giant cockroach misses you.
The kobold throws a stone.
The stone hits you.
You see here a rat corpse.
You are too injured to fight recklessly!
You hit the giant cockroach but do no damage.
The giant cockroach is almost dead.
The giant cockroach bites you but does no damage.
You closely miss the giant cockroach.
The giant cockroach is almost dead.
The giant cockroach bites you.
You closely miss the giant cockroach.
The giant cockroach is almost dead.
The giant cockroach bites you but does no damage.
You hit the giant cockroach.
You kill the giant cockroach!
Casting: Sandblast (safe; 7% risk of failure)
Confirm with . or Enter, or press ? or * to list all spells.
Aiming: Sandblast (safe; 7% risk of failure)
Press: ? - help, Shift-Dir - straight line, f - quokka
Aim: a quokka (31% to evade)
The blast of sand hits the quokka.
The quokka is moderately wounded.
The quokka bites you.
* * * LOW HITPOINT WARNING * * *
Casting: Sandblast (safe; 7% risk of failure)
Confirm with . or Enter, or press ? or * to list all spells.
Aiming: Sandblast (safe; 7% risk of failure)
Press: ? - help, Shift-Dir - straight line, f/p - quokka
Aim: a quokka (moderately wounded, 31% to evade)
The blast of sand hits the quokka.
You kill the quokka!
The kobold throws a stone.
The stone completely misses you.
You have reached level 2!
The kobold closely misses you.
You see here a quokka corpse.
Casting: Sandblast (safe; 6% risk of failure)
Confirm with . or Enter, or press ? or * to list all spells.
Aiming: Sandblast (safe; 6% risk of failure)
Press: ? - help, Shift-Dir - straight line, f - kobold
Aim: a kobold, wielding a +0 club and quivering stones (28% to evade)
The blast of sand hits the kobold.
The kobold is heavily wounded.
The kobold misses you.
You barely miss the kobold.
The kobold is heavily wounded.
The kobold hits you with a +0 club.
You die...

#..# ...#
###..# +.#..#
#.#..#
#..).###.#.
#<........
##†####.. #@#
#..K.......
.............
....#..........
#.# #..........
# #..........
###..#####.
...#


You could see a kobold.

Vanquished Creatures
  A giant cockroach (D:2)
  2 goblins
  A quokka (D:2)
  A kobold (D:1)
  A rat (D:2)
6 creatures vanquished.

Notes
Turn   | Place    | Note
-------+----------+-------------------------------------------
     0 | D:1      | EnegeticOcto the Halfling Earth Elementalist began the
                  | quest for the Orb.
     0 | D:1      | Reached XP level 1. HP: 11/11 MP: 3/3
    84 | D:2      | Reached XP level 2. HP: 2/17 MP: 1/4
    86 | D:2      | Slain by a kobold

Illustrated notes

Levels and vault maps discovered:
D:1:      lightli_arrival_farm, layout_basic, st_stairs_9,
          nemelex_xobeh_ov_fountains_minmay
D:2:      layout_basic, serial_undead, serial_undead_c, serial_undead_f,
          serial_undead_d, serial_undead_e

Action                   || total
-------------------------++-------
Melee: Dagger            ||    11
 Cast: Sandblast         ||     4
 Stab: Sleeping          ||     1
Armor: Robe              ||     3
Dodge: Dodged            ||     6

Table legend: (Time is in decaauts)
 A = Elapsed time spent in this place.
 B = Non-inter-level travel time spent in this place.
 C = Inter-level travel time spent in this place.
 D = Time resting spent in this place.
 E = Time spent auto-exploring this place.
 F = Levels seen in this place.
 G = Mean time per level.
                   A        B        C        D        E       F      G
               +--------+--------+--------+--------+--------+-----+--------+
         Total |     82 |     74 |      8 |      0 |      0 |   2 |   41.0 |
       Dungeon |     82 |     74 |      8 |      0 |      0 |   2 |   41.0 |
               +--------+--------+--------+--------+--------+-----+--------+

Top non-repeatable levels by time:
     D:1: 66 daAuts
     D:2: 16 daAuts
